Map: Tropical Sacrifice

Players

Reynor - Winner!

  • Race: Zerg Zerg
  • League: Master
  • Spawn Location: 1:00

Scarlett

  • Race: Zerg Zerg
  • Spawn Location: 7:00

Event: HomeStory Cup XXII

VOD

Have the link to the VOD?

Description

Time

  • Played on: Dec. 16, 2022, 11:49 a.m.
  • Length: 5:50

All games in this series

Show
View Real Time Build Order
Export as new Build Order

Reynor Zerg - Winner!

Build Orders: Pool First 

Get SALT Encoding   

  12  0:17  Spawning Pool  
  11  0:22  Drone  
  11  0:27  Drone  
  13  0:33  Drone  
  14  0:41  Overlord  
  15  1:04  Zergling x4  
  15  1:06  Zergling x2  
  17  1:16  Zergling x2  
  18  1:21  Hatchery  
  17  1:27  Zergling x2  
  18  1:37  Zergling x2  
  19  1:41  Queen  
  21  1:49  Overlord  
  21  1:59  Drone  
  22  2:10  Drone  
  22  2:15  Extractor  
  22  2:21  Queen  
  22  2:25  Drone  
  21  2:31  Drone  
  21  2:33  Drone  
  23  2:43  Drone  
  23  2:44  Drone  
  27  2:52  Drone  
  27  2:53  Drone  
  27  2:56  Zergling x6  
  29  3:05  Overlord  
  29  3:06  Zergling x2  
  30  3:16  Zergling x4  
  30  3:19  Baneling Nest  
  31  3:25  Zergling x6  
  34  3:30  Evolution Chamber  
  33  3:35  Evolution Chamber  
  33  3:38  Zergling x2  
  33  3:42  Zergling x2  
  33  3:45  Zergling x2  
  33  3:48  Zergling x2  
  36  3:50  Zergling x2  
  36  3:54  Zergling x2  
  36  3:58  Drone  
  36  4:02  Baneling x2  
  36  4:05  Baneling  
  36  4:07  Drone  
  36  4:08  Drone  
  37  4:11  Drone  
  37  4:21  Queen  
  37  4:26  Zergling x4  
  39  4:33  Zergling x4  
  39  4:36  Zergling x2  
  39  4:39  Zergling x2  
  39  4:43  Zergling x2  
  41  4:48  Zergling x2  
  42  4:55  Zergling x2  
  42  4:58  Zergling x2  
  42  4:59  Queen  
  42  5:03  Baneling Nest  
  42  5:04  Zergling x2  
  42  5:10  Drone  
  42  5:13  Overlord  
  43  5:20  Drone  
Show
View Real Time Build Order
Export as new Build Order

Scarlett Zerg 

Build Orders: Hatch First 

Get SALT Encoding   

  12  0:00  Drone  
  13  0:12  Overlord  
  13  0:17  Drone  
  14  0:30  Drone x2  
  16  0:49  Hatchery  
  15  0:52  Drone  
  15  0:55  Drone  
  17  1:03  Extractor  
  16  1:11  Spawning Pool  
  15  1:15  Drone  
  15  1:18  Drone  
  17  1:22  Drone  
  18  1:30  Drone  
  19  1:58  Zergling x4  
  19  2:00  Queen x2  
  26  2:01  Zergling x4  
  27  2:08  Metabolic Boost  
  27  2:15  Zergling x2  
  26  2:25  Zergling x2  
  26  2:27  Zergling x2  
  23  2:33  Zergling x2  
  24  2:43  Overlord  
  24  2:50  Zergling x4  
  26  2:55  Zergling x2  
  27  3:03  Zergling x4  
  29  3:08  Zergling x2  
  29  3:09  Zergling x2  
  31  3:13  Zergling x2  
  31  3:17  Zergling x2  
  33  3:20  Zergling x2  
  33  3:24  Zergling x2  
  35  3:32  Overlord  
  35  3:44  Zergling x2  
  35  3:49  Zergling x2  
  35  3:50  Zergling x6  
  36  3:58  Zergling x4  
  36  4:01  Zergling x2  
  36  4:14  Zergling x6  
  35  4:26  Zergling x2  
  35  4:28  Zergling x6  
  38  4:36  Zergling x4  
  36  4:45  Zergling x6  
  38  4:54  Zergling x2  
  38  4:55  Zergling x2  
  38  5:00  Zergling x2  
  38  5:04  Zergling x2  
  35  5:13  Zergling x6  
Tags
 
Add a new tag
Caveats
  • Supply blocks, unpowered buildings, or Contaminate may cause inaccurate times.
  • Supply counts are checked every 10 seconds.